 Dungeon Crawl Stone Soup version 0.31.0-9-g3a7656b989 (webtiles) character file.

Game seed: 3237381582008504850

1218 qw the Skirmisher (level 8, -1/46 HPs)
             Began as a Deep Elf Hunter on Feb 2, 2024.
             Slain by an ice beast (13 damage)
             ... on level 5 of the Dungeon.
             The game lasted 00:00:19 (3641 turns).

qw the Skirmisher (Deep Elf Hunter)                 Turns: 3641, Time: 00:00:20

Health: -1/46      AC:  7    Str: 10    XL:     8   Next: 22%
Magic:  10/10      EV: 13    Int: 15    God:
Gold:   247        SH:  0    Dex: 18    Spells: 7/7 levels left

rFire   . . .        a - +1 shortbow
rCold   . . .        (shield currently unavailable)
rNeg    . . .        g - +0 ring mail
rPois   .            f - +1 helmet
rElec   .            (no cloak)
rCorr   .            (no gloves)
SInv    .            (no boots)
Will    .....        (no amulet)
Stlth   +            (no ring)
HPRegen 0.27/turn    (no ring)
MPRegen 0.12/turn

%: no passive effects
@: no status effects
A: no striking features
a: no special abilities


You were on level 5 of the Dungeon.
You visited 2 branches of the dungeon, and saw 6 of its levels.

You collected 247 gold pieces.


   Skills:
 - Level 3.2 Fighting
 + Level 10.5 Ranged Weapons
 - Level 1.9 Armour
 - Level 6.9 Dodging
 - Level 1.2 Stealth


You had 7 spell levels left.
You didn't know any spells.
Your spell library was empty.

Inventory:

Hand Weapons
 a - a +1 shortbow (weapon)
Armour
 f - a +1 helmet (worn)
 g - a +0 ring mail (worn)
Wands
 b - a wand of charming (5)
Scrolls
 d - 2 scrolls of teleportation
 e - a scroll of identify
Potions
 c - a potion of heal wounds
 j - a potion of mutation {unknown}
 k - a potion of lignification {unknown}
 m - a potion of ambrosia {unknown}

Dungeon Overview and Level Annotations

Branches:
Dungeon (5/15)             Temple (1/1) D:4

Altars:
Dithmenos
Fedhas
Gozag
Hepliaklqana
Makhleb
Nemelex Xobeh
Qazlal
Ru
Sif Muna
Trog
Uskayaw
Vehumet
Wu Jian
Xom
Yredelemnul
The Shining One


Message History

You shoot an arrow. The arrow hits the ice beast.
The ice beast is lightly wounded.
You shoot an arrow. The arrow barely misses the ice beast.
You shoot an arrow. The arrow hits the ice beast.
The ice beast is moderately wounded.
The ice beast hits you. The ice beast freezes you!
You shoot an arrow.
The arrow hits the ice beast but does no damage.
The ice beast is moderately wounded.
The ice beast barely misses you.
You shoot an arrow.
The arrow hits the ice beast but does no damage.
The ice beast is moderately wounded.
The ice beast hits you but does no damage.
You shoot an arrow. The arrow barely misses the ice beast.
The ice beast barely misses you.
You shoot an arrow. The arrow barely misses the ice beast.
The ice beast hits you. The ice beast freezes you!
You shoot an arrow.
The arrow hits the ice beast but does no damage.
The ice beast is moderately wounded.
The ice beast hits you but does no damage.
You shoot an arrow. The arrow closely misses the ice beast.
The ice beast hits you but does no damage.
You shoot an arrow.
The arrow hits the ice beast but does no damage.
The ice beast is moderately wounded.
The ice beast barely misses you.
You shoot an arrow.
The arrow completely misses the ice beast.
The ice beast barely misses you. The ice beast hits you.
The ice beast freezes you!
You shoot an arrow. The arrow hits the ice beast.
The ice beast is moderately wounded.
The ice beast closely misses you.
You shoot an arrow. The arrow barely misses the ice beast.
The ice beast misses you.
You shoot an arrow. The arrow barely misses the ice beast.
The ice beast hits you. The ice beast freezes you!
You die...

#........ ##......<
###.......# ..........#
#........###
###.........##.
#......Y.......
##......@...#
.........#.## .
###....#.#.## #
>...##...# ###..#
......... #..###..#
........## ##.))......
..... #..####..##......
.....##..##.......)....
.....#.................


You could see an ice beast.

Vanquished Creatures
  Pikel (D:4)
  Sigmund (D:4)
  Eustachio (D:4)
  An ogre (D:5)
  A lemure (D:4)
  A hound (D:5)
  An orc priest (D:4)
  2 iguanas
  3 orc wizards
  4 gnolls (D:3)
  5 adders
  3 ribbon worms
  3 dart slugs
  6 orcs
  7 endoplasms
  2 giant cockroaches
  7 goblins
  5 hobgoblins
  6 jackals
  3 quokkas (D:1)
  8 ball pythons
  4 bats
  3 frilled lizards (D:1)
  7 kobolds
  5 rats
  A butterfly (D:4)
91 creatures vanquished.

Notes
Turn   | Place    | Note
-------+----------+-------------------------------------------
     0 | D:1      | qw the Deep Elf Hunter began the quest for the Orb.
     0 | D:1      | Reached XP level 1. HP: 12/12 MP: 3/3
     0 | D:1      | 0 ||| qw: Version: 0.3-a-155-g5e7d8dd
     0 | D:1      | 0 ||| qw: Game counter: 2525
     0 | D:1      | 0 ||| qw: Melee chars always use a shield: true
     0 | D:1      | 0 ||| qw: God list: Okawaru
     0 | D:1      | 0 ||| qw: Allow faded altars: false
     0 | D:1      | 0 ||| qw: Do Orc after clearing Dungeon:15 true
     0 | D:1      | 0 ||| qw: Do second Lair branch before Depths: true
     0 | D:1      | 0 ||| qw: Lair rune preference: random
     0 | D:1      | 0 ||| qw: Goals: Normal
     0 | D:1      | 0 ||| PLANNING D:1-11
   146 | D:1      | Reached XP level 2. HP: 16/16 MP: 4/4
   149 | D:1      | Reached skill level 6 in Ranged Weapons
   171 | D:1      | You fall into a shaft and drop 1 floor!
   248 | D:2      | 248 ||| READING scroll labelled PUEFOQ XEVA.
   249 | D:2      | 249 ||| DROPPING scroll of butterflies.
   279 | D:1      | Reached XP level 3. HP: 20/20 MP: 5/5
   532 | D:1      | Reached skill level 7 in Ranged Weapons
   935 | D:1      | 935 ||| UPGRADING to +0 helmet.
   940 | D:1      | 940 ||| UPGRADING to +0 ring mail.
   950 | D:1      | 950 ||| DROPPING +0 leather armour.
   951 | D:1      | 951 ||| DROPPING ring of wizardry.
   952 | D:1      | 952 ||| READING scroll labelled ROEMAY SIECAL.
   952 | D:1      | 952 ||| ENCHANTING +0 shortbow.
   953 | D:1      | 953 ||| READING scroll labelled RUNEYH CID FAWK.
   954 | D:1      | 954 ||| READING scroll labelled JASHET QOEZUTZU.
   993 | D:1      | 993 ||| READING 3 scrolls labelled QIHUTYE GOUQAGH.
   994 | D:1      | 994 ||| DROPPING 2 scrolls of revelation.
  1158 | D:2      | Found a radiant altar of Vehumet.
  1525 | D:2      | Reached XP level 4. HP: 25/25 MP: 6/6
  1544 | D:2      | Found a faded altar of an unknown god.
  1623 | D:2      | 1623 ||| READING scroll of identify.
  1623 | D:2      | 1623 ||| IDENTIFYING sapphire potion
  1624 | D:2      | 1624 ||| READING 2 scrolls labelled JIYVON POAMUE.
  1627 | D:2      | 1627 ||| READING scroll labelled OFRUNU FAATZAO.
  1628 | D:2      | 1628 ||| DROPPING potion of invisibility.
  1783 | D:3      | Reached skill level 8 in Ranged Weapons
  2239 | D:3      | 2239 ||| READING scroll labelled HUCZAX PUCEFA.
  2287 | D:4      | Reached XP level 5. HP: 29/29 MP: 7/7
  2314 | D:4      | Found a staircase to the Ecumenical Temple.
  2315 | D:4      | 2315 ||| PLANNING TEMPLE
  2327 | Temple   | Entered the Ecumenical Temple
  2328 | Temple   | 2328 ||| PLANNING D:1-11
  2552 | D:4      | Noticed Sigmund
  2553 | D:4      | 2553 ||| RETREEEEATING.
  2559 | D:4      | Reached skill level 9 in Ranged Weapons
  2571 | D:4      | 2571 ||| FLEEEEING.
  2572 | D:4      | 2572 ||| FLEEEEING.
  2573 | D:4      | 2573 ||| FLEEEEING.
  2585 | D:4      | HP: 4/29 [Sigmund/+0 scythe of distortion (20)]
  2586 | D:4      | 2586 ||| READING scroll of teleportation.
  2590 | D:4      | Killed Sigmund
  2591 | D:4      | Reached skill level 3 in Fighting
  2591 | D:4      | Reached XP level 6. HP: 7/37 MP: 8/8
  2722 | D:4      | Noticed Eustachio
  2732 | D:4      | 2732 ||| RETREEEEATING.
  2733 | D:4      | 2733 ||| RETREEEEATING.
  2734 | D:4      | 2734 ||| RETREEEEATING.
  2735 | D:4      | 2735 ||| RETREEEEATING.
  2736 | D:4      | 2736 ||| RETREEEEATING.
  2737 | D:4      | 2737 ||| RETREEEEATING.
  2738 | D:4      | 2738 ||| RETREEEEATING.
  2740 | D:4      | 2740 ||| FLEEEEING.
  2741 | D:4      | 2741 ||| FLEEEEING.
  2742 | D:4      | 2742 ||| FLEEEEING.
  2770 | D:4      | Killed Eustachio
  3032 | D:4      | Reached skill level 10 in Ranged Weapons
  3073 | D:4      | 3073 ||| RETREEEEATING.
  3073 | D:4      | Noticed Pikel
  3074 | D:4      | 3074 ||| RETREEEEATING.
  3075 | D:4      | 3075 ||| RETREEEEATING.
  3102 | D:4      | 3102 ||| DRINKING ruby potion.
  3103 | D:4      | 3103 ||| DRINKING 2 amethyst potions.
  3104 | D:4      | 3104 ||| DRINKING fuming purple potion.
  3105 | D:4      | 3105 ||| DRINKING silvery potion.
  3106 | D:4      | 3106 ||| DRINKING murky yellow potion.
  3110 | D:4      | Killed Pikel
  3111 | D:4      | Reached skill level 6 in Dodging
  3111 | D:4      | Reached XP level 7. HP: 31/41 MP: 9/9
  3227 | D:4      | Reached XP level 8. HP: 46/46 MP: 10/10
  3323 | D:4      | 3323 ||| READING scroll labelled SOSETEBBOL.
  3323 | D:4      | 3323 ||| ENCHANTING +0 helmet.
  3324 | D:4      | 3324 ||| READING scroll labelled IDOIBO MIROC.
  3441 | D:5      | Entered Level 5 of the Dungeon
  3474 | D:5      | Reached skill level 1 in Armour
  3641 | D:5      | Slain by an ice beast

Levels and vault maps discovered:
D:1:      elethiomel_arrival_infinity_welcomes_careful_drivers,
          layout_loops_ring, minmay_pentomino_t4
D:2:      layout_basic, basic_ecumenical_altar, basic_altar,
          hangedman_decor_push
D:3:      layout_loops_ring
D:4:      layout_basic, minmay_temple_entry_butterflies, uniq_sigmund,
          uniq_eustachio, uniq_pikel
D:5:      layout_cave_pools, grunt_temple_overflow_diamond
Temple:   regret_index_temple_sphere_string

Skill      XL: |  1  2  3  4  5  6  7  8 |
---------------+-------------------------+-----
Ranged Weapons | 6 7 8 9 10 | 10.5
Fighting       | 3 |  3.2
Dodging        | 6 |  6.9
Armour         | 1 |  1.9
Stealth        | |  1.2

Action                     |  1- 3 |  4- 6 |  7- 9 || total
---------------------------+-------+-------+-------++-------
   Fire: Shortbow          |   100 |   171 |    77 ||   348
    Use: Scroll            |     5 |     5 |     2 ||    12
         Potion            |       |     5 |       ||     5
 Armour: Leather armour    |    13 |       |       ||    13
         Ring mail         |     8 |    53 |    24 ||    85
  Dodge: Dodged            |    22 |    62 |    15 ||    99

Table legend:
 A = Non-vault XP
 B = Vault XP
 C = Vault XP percentage of total XP
 D = Non-vault monster count
 E = Vault monster count
 F = Vault count percentage of total count
                 A         B        C        D         E       F
            +---------+---------+-------+---------+---------+-------
      Total |     646 |    1095 |  62.9 |      82 |       7 |   7.9
            +---------+---------+-------+---------+---------+-------
        D:1 |      44 |       7 |  13.7 |      25 |       4 |  13.8
        D:2 |      53 |       0 |   0.0 |      11 |       0 |   0.0
        D:3 |      88 |       0 |   0.0 |      19 |       0 |   0.0
        D:4 |     163 |    1088 |  87.0 |      19 |       3 |  13.6
        D:5 |     298 |       0 |   0.0 |       8 |       0 |   0.0
            +---------+---------+-------+---------+---------+-------
